 Dungeon Crawl Stone Soup version 0.27.1-37-g7b29ead8ac (console) character file.

Game seed: 12694959514619165624

7 grimtooth the Stinger (level 2, -5/19 HPs)
             Began as a Barachi Venom Mage on Aug 19, 2023.
             Slain by a gnoll (7 damage)
             ... on level 1 of the Dungeon.
             The game lasted 00:04:55 (797 turns).

grimtooth the Stinger (Barachi Venom Mage)           Turns: 797, Time: 00:04:56

Health: -5/19      AC:  4    Str:  8 (9)  XL:     2   Next: 4%
Magic:  0/5        EV: 12    Int: 12 (15) God:
Gold:   0          SH:  0    Dex: 10 (12) Spells: 4/5 levels left

rFire    . . .     SeeInvis .   (no weapon)
rCold    . . .     Faith    .   (no shield)
rNeg     . . .     Spirit   .   a - +0 robe
rPois    .         Reflect  .   b - +2 hat
rElec    .         Harm     .   (no cloak)
rCorr    .         Rampage  .   (no gloves)
Will     .....                  (no boots)
Stlth    ++........             (no amulet)
HPRegen  0.06/turn              (no ring)
MPRegen  0.09/turn              (no ring)

@: unable to hop, very slightly contaminated, slow
A: amphibious, slowness 1, strong legs 1, +LOS
a: Hop


You were on level 1 of the Dungeon.
You visited 1 branch of the dungeon, and saw 1 of its levels.

Inventory:

Armour
 a - a +0 robe (worn)
 b - a +2 hat (worn)


   Skills:
 - Level 2.1 Dodging
 - Level 1.7 Stealth
 - Level 2.1 Spellcasting
 + Level 1.5 Transmutations
 * Level 3.7 Poison Magic


You had 4 spell levels left.
You knew the following spells:

 Your Spells              Type           Power      Damage    Failure   Level
a - Sting                 Tmut/Pois      28%        1d4       9%          1

Your spell library contained the following spells:

 Spells                   Type           Power      Damage    Failure   Level
 Poisonous Vapours        Pois/Air       10%        N/A       19%         2
 Mephitic Cloud           Conj/Pois/Air  4%         N/A       43%         3
 Olgreb's Toxic Radiance  Pois           10%        N/A       50%         4


Dungeon Overview and Level Annotations

Branches:
Dungeon (1/15)

Altars:


Innate Abilities, Weirdness & Mutations

You are amphibious.
You cover ground slowly.
You can hop short distances.
You have an extended range of vision and can be seen from far away.


Message History

Aiming: Sting (safe; 8% risk of failure)
Press: ? - help, Shift-Dir - straight line, f/p - gnoll
Aim: a gnoll, wielding a +0 spear (lightly wounded, poisoned, 72% to hit)
You miscast Sting.
You are very lightly contaminated with residual magic.
Nothing appears to happen.
The gnoll barely misses you.
Casting: Sting (safe; 8% risk of failure)
Confirm with . or Enter, or press ? or * to list all spells.
Aiming: Sting (safe; 8% risk of failure)
Press: ? - help, Shift-Dir - straight line, f/p - gnoll
Aim: a gnoll, wielding a +0 spear (lightly wounded, poisoned, 72% to hit)
The sting hits the gnoll.
The gnoll looks even sicker.
The gnoll is moderately wounded.
The gnoll hits you from afar with a +0 spear.
The kobold throws a stone.
The stone hits you but does no damage.
The gnoll hits you from afar with a +0 spear!
* * * LOW HITPOINT WARNING * * *
Casting: Sting (safe; 8% risk of failure)
Confirm with . or Enter, or press ? or * to list all spells.
Aiming: Sting (safe; 8% risk of failure)
Press: ? - help, Shift-Dir - straight line, f/p - gnoll
Aim: a gnoll, wielding a +0 spear (moderately wounded, very poisoned, 72% to hit)
The sting hits the gnoll.
The gnoll looks even sicker.
The gnoll is moderately wounded.
The gnoll hits you from afar with a +0 spear.
* * * LOW HITPOINT WARNING * * *
It was a potion of degeneration.
There was something very wrong with that liquid.
You feel weakened.
You feel dopey.
You feel clumsy. The gnoll closely misses you. The kobold barely misses you.
Enter note: - and of course its degen.. what the hell man
Casting: Sting (safe; 9% risk of failure)
Confirm with . or Enter, or press ? or * to list all spells.
Aiming: Sting (safe; 9% risk of failure)
Press: ? - help, Shift-Dir - straight line, f/p - gnoll
Aim: a gnoll, wielding a +0 spear (heavily wounded, very poisoned, 72% to hit)
The sting hits the hobgoblin but does no damage.
The hobgoblin is poisoned.
The gnoll hits you from afar with a +0 spear!
You die...

)......# ##.........##..........
........##...........'##########
##.'.............## #
#....##..............#### #
#............<..........# #
#....##..............##.#### #
..... #.............#'.....# #
##... ##...........##......###
.... ##.........####.....#.. ...
##.gg....## #.....#.# .
#'.K@..######.....#.#
########............#
...#.####.....### ##
.##.#..........# #.. .
#.#..........#
...###.#..........#
###....K#.#..#.....#
#.......#....#.##### #.#
#...#.####.# #.# #..........# #
#.#.r.##....÷.## #


You could see a gnoll (very poisoned), a hobgoblin (poisoned) and a kobold.

Vanquished Creatures
  A bat (D:1)
  An endoplasm (D:1)
  2 giant cockroaches (D:1)
  A quokka (D:1)
  A ball python (D:1)
6 creatures vanquished.

Notes
Turn   | Place    | Note
-------+----------+-------------------------------------------
     0 | D:1      | grimtooth the Barachi Venom Mage began the quest for the
                  | Orb.
     0 | D:1      | Reached XP level 1. HP: 13/13 MP: 3/3
   483 | D:1      | Reached XP level 2. HP: 19/19 MP: 1/5
   780 | D:1      | - oh just great
   787 | D:1      | - and a blank door thanks a lot
   797 | D:1      | - and of course its degen.. what the hell man
   797 | D:1      | Slain by a gnoll

Illustrated notes ...# ..... #.... .gbg.. ####### #### ...... ##.....## #... .>.>... ##.......###.## )......# ##.........##... ........##...........'### #.@.............## #....##..............## #... ........<......... #.. .##..............## ... #.............#'. ##. ##...........##.. .. ##.........####. . ##.......## #. #+.....######. #######...... ...#.####. Turn 780 on D:1: - oh just great .>.>... ##.......###.###### )......# ##.........##....... ........##...........'####### ##.'.............## #....##..............#### #.......g....<..........# #....##..............##.### ..... #.............#'..... ##... ##...........##...... .... ##.........####..... ... ##@......## #..... . #'.....######..... ########.......... ...#.####..... ## .##.#.......... #.. . #.#.......... ...###.#.......... ###....K#.#..#..... #.......#....#.#### #.# #...#.####.# #.# #..........# Turn 787 on D:1: - and a blank door thanks a lot

)......# ##.........##..........
........##...........'##########
##.'.............## #
#....##..............#### #
#............<..........# #
#....##..............##.#### #
..... #.............#'.....# #
##... ##...........##......###
.... ##.........####.....#.. ...
##.gg....## #.....#.# .
#'.K@..######.....#.#
########............#
...#.####.....### ##
.##.#..........# #.. .
#.#..........#
...###.#..........#
###....K#.#..#.....#
#.......#....#.##### #.#
#...#.####.# #.# #..........# #
#.#.r.##....÷.## #


Turn 797 on D:1: - and of course its degen.. what the hell man

Levels and vault maps discovered:
D:1:      lemuel_arrival_rhombus, layout_basic, minmay_misc_feat_tower

Action                   || total
-------------------------++-------
 Cast: Sting             ||    17
 Abil: Hop               ||     2
  Use: Potion            ||     1
Armor: Robe              ||     2
Dodge: Dodged            ||     6
